| TOP OF THE 1ST |
|
Washington Nationals batting - Pitching for Boston Red Sox : RHP Jeremy Hernandez
|
|
Pitching: RHP Jeremy Hernandez
|
|
|
Batting: SHB Mark Rennie
|
0-0: Foul Ball, location: 2F 0-1: Called Strike 0-2: Ball 1-2: Ball 2-2: SOLO HOME RUN (Flyball, 9LD, EV 93.1 MPH), Distance : 354 ft
|
|
Batting: RHB Dave Vargas
|
0-0: Ground out 6-3 (Groundball, 6M, EV 106.9 MPH)
|
|
Batting: LHB Seth Cook
|
0-0: Swinging Strike 0-1: Ball 1-1: Swinging Strike 1-2: Strikes out swinging
|
|
Batting: RHB John Sanders
|
0-0: Called Strike 0-1: Called Strike 0-2: Foul Ball, location: 2F 0-2: Fly out, F9 (Flyball, 9D, EV 82.5 MPH)
|
| Top of the 1st over - 1 run, 1 hit, 0 errors, 0 left on base; Washington 1 - Boston 0 |
| BOTTOM OF THE 1ST |
|
Boston Red Sox batting - Pitching for Washington Nationals : RHP Danny Diaz
|
|
Pitching: RHP Danny Diaz
|
|
|
Batting: RHB Alois Wollf
|
0-0: Foul Ball, location: 2F 0-1: Ball 1-1: Called Strike 1-2: Strikes out swinging
|
|
Batting: LHB Shoichi Aso
|
0-0: Ball 1-0: Called Strike 1-1: Called Strike 1-2: Ball 2-2: SINGLE (Flyball, 3D, EV 88.1 MPH)
|
|
Batting: LHB Kevin McCormic Jr.
|
0-0: Ball 1-0: Ball 2-0: SINGLE (Line Drive, 89M, EV 104.4 MPH) Shoichi Aso to second
|
|
Batting: RHB David Price Jr.
|
0-0: Ball Shoichi Aso is caught stealing 3rd base 2-5 1-0: Ball 2-0: Called Strike 2-1: DOUBLE (Groundball, 5L, EV 98.1 MPH) Kevin McCormic Jr. to third Runner from 3rd tries for Home, throw by LF and OUT! 7-6-2
|
| Bottom of the 1st over - 0 runs, 3 hits, 0 errors, 1 left on base; Washington 1 - Boston 0 |
| TOP OF THE 2ND |
|
Washington Nationals batting - Pitching for Boston Red Sox : RHP Jeremy Hernandez
|
|
Batting: SHB Tze-meng Gan
|
0-0: Called Strike 0-1: DOUBLE (Flyball, 89XD, EV 105.6 MPH)
|
|
Batting: LHB Emmanuel Gaskin
|
0-0: Ball 1-0: Called Strike 1-1: Ball 2-1: Ball 3-1: SINGLE (Groundball, 34D, EV 103.8 MPH) Tze-meng Gan to third Runner from 3rd tries for Home, SAFE, throw by RF to home
|
|
Batting: LHB Bi-jun Chien
|
0-0: Ball 1-0: Ball 2-0: Ball 3-0: Called Strike 3-1: 2-RUN HOME RUN (Flyball, 78XD, EV 115.6 MPH), Distance : 436 ft
|
|
Batting: RHB Darren McCarty Jr.
|
0-0: Ball 1-0: Foul Ball, location: 2F 1-1: Ball 2-1: Ball 3-1: TRIPLE (Groundball, 5L, EV 108.8 MPH)
|
|
Batting: LHB Bob Melley
|
0-0: Ball 1-0: Called Strike 1-1: Foul Ball, location: 2F 1-2: Foul Ball, location: 2F 1-2: Reached on error, E3 (Groundball, 34, EV 94.4 MPH) Darren McCarty Jr. scores
|
|
Batting: SHB Mark Rennie
|
0-0: DOUBLE (Flyball, 78D, EV 96.2 MPH) Bob Melley scores
|
|
Pitching: RHP Graham Jackson
|
|
|
Batting: RHB Dave Vargas
|
0-0: Ball 1-0: Ball 2-0: Foul Ball, location: 2F 2-1: Ball 3-1: Base on Balls
|
|
Batting: LHB Seth Cook
|
0-0: Ball 1-0: Ball 2-0: Foul Ball, location: 2F 2-1: Fly out, F8 (Flyball, 8LD, EV 103.8 MPH)
|
|
Batting: RHB John Sanders
|
0-0: Ball 1-0: Called Strike 1-1: Ball 2-1: Ball 3-1: Called Strike 3-2: Foul Ball, location: 2F 3-2: Base on Balls Mark Rennie to third Dave Vargas to second
|
|
Batting: SHB Tze-meng Gan
|
0-0: Fielders Choice at 2nd, 6-4 (Groundball, 6, EV 88.1 MPH) Mark Rennie scores Dave Vargas to third
|
|
Batting: LHB Emmanuel Gaskin
|
0-0: Ball 1-0: Foul Ball, location: 2F 1-1: Ground out U3 (Groundball, 34S, EV 81.9 MPH)
|
| Top of the 2nd over - 6 runs, 5 hits, 1 error, 2 left on base; Washington 7 - Boston 0 |
| BOTTOM OF THE 2ND |
|
Boston Red Sox batting - Pitching for Washington Nationals : RHP Danny Diaz
|
|
Batting: LHB Jarrett Mordecai
|
0-0: Foul Ball, location: 2F 0-1: SINGLE (Line Drive, 8LS, EV 94.4 MPH)
|
|
Batting: LHB Zack Guillen
|
0-0: Ball 1-0: Swinging Strike 1-1: Foul Ball, location: 2F 1-2: Strikes out swinging
|
|
Batting: RHB Nick Esteves
|
0-0: Ball 1-0: Foul Ball, location: 2F 1-1: Called Strike 1-2: Foul Ball, location: 2F 1-2: Ball 2-2: Ball 3-2: Strikes out swinging
|
|
Batting: LHB Tim Fuller
|
0-0: Ball 1-0: Ball 2-0: Foul Ball, location: 2F 2-1: Ball 3-1: Swinging Strike 3-2: Base on Balls Jarrett Mordecai to second
|
|
Batting: SHB Greg Shaw
|
0-0: Called Strike 0-1: Ball 1-1: Called Strike 1-2: Ball 2-2: Ball 3-2: Foul Ball, location: 2F 3-2: Strikes out looking
|
| Bottom of the 2nd over - 0 runs, 1 hit, 0 errors, 2 left on base; Washington 7 - Boston 0 |
| TOP OF THE 3RD |
|
Washington Nationals batting - Pitching for Boston Red Sox : RHP Graham Jackson
|
|
Batting: LHB Bi-jun Chien
|
0-0: Ball 1-0: Ground out 6-3 (Groundball, 6M, EV 105.0 MPH)
|
|
Batting: RHB Darren McCarty Jr.
|
0-0: Foul Ball, location: 2F 0-1: Fly out, F8 (Flyball, 8RD, EV 88.1 MPH)
|
|
Batting: LHB Bob Melley
|
0-0: Called Strike 0-1: Ball 1-1: Ball 2-1: Foul Ball, location: 2F 2-2: Strikes out looking
|
| Top of the 3rd over - 0 runs, 0 hits, 0 errors, 0 left on base; Washington 7 - Boston 0 |
| BOTTOM OF THE 3RD |
|
Boston Red Sox batting - Pitching for Washington Nationals : RHP Danny Diaz
|
|
Batting: RHB Alois Wollf
|
0-0: Ball 1-0: Ball 2-0: Called Strike 2-1: Swinging Strike 2-2: Strikes out swinging
|
|
Batting: LHB Shoichi Aso
|
0-0: Ball 1-0: SINGLE (Line Drive, 5D, EV 105.6 MPH)
|
|
Batting: LHB Kevin McCormic Jr.
|
0-0: Called Strike 0-1: Swinging Strike 0-2: Ball 1-2: 2-RUN HOME RUN (Flyball, 7LD, EV 96.9 MPH), Distance : 362 ft
|
|
Batting: RHB David Price Jr.
|
0-0: Called Strike 0-1: Called Strike 0-2: Strikes out swinging
|
|
Batting: LHB Jarrett Mordecai
|
0-0: Ball 1-0: Swinging Strike 1-1: Ball 2-1: Called Strike 2-2: Strikes out swinging, 2-3 out at first.
|
| Bottom of the 3rd over - 2 runs, 2 hits, 0 errors, 0 left on base; Washington 7 - Boston 2 |
| TOP OF THE 4TH |
|
Washington Nationals batting - Pitching for Boston Red Sox : RHP Graham Jackson
|
|
Batting: SHB Mark Rennie
|
0-0: Ball 1-0: SINGLE (Groundball, 56D, EV 95.6 MPH)
|
|
Batting: RHB Dave Vargas
|
0-0: Ball 1-0: Called Strike 1-1: Fly out, F9 (Flyball, 9, EV 91.9 MPH)
|
|
Batting: LHB Seth Cook
|
0-0: Ball Mark Rennie steals 2nd base (no throw) 1-0: Ball 2-0: Foul Ball, location: 2F 2-1: Swinging Strike 2-2: Foul Ball, location: 2F 2-2: Foul Ball, location: 2F 2-2: Foul Ball, location: 2F 2-2: Ball Wild Pitch! Mark Rennie to third 3-2: Foul Ball, location: 2F 3-2: Foul Ball, location: 2F 3-2: Ground out 3-1 (Groundball, 34, EV 85.0 MPH) Mark Rennie scores
|
|
Batting: RHB John Sanders
|
0-0: Ground out 6-3 (Groundball, 6, EV 86.2 MPH)
|
| Top of the 4th over - 1 run, 1 hit, 0 errors, 0 left on base; Washington 8 - Boston 2 |
| BOTTOM OF THE 4TH |
|
Boston Red Sox batting - Pitching for Washington Nationals : RHP Danny Diaz
|
|
Batting: LHB Zack Guillen
|
0-0: Called Strike 0-1: Ball 1-1: Swinging Strike 1-2: Foul Ball, location: 2F 1-2: Ball 2-2: Foul Ball, location: 2F 2-2: Strikes out swinging
|
|
Batting: RHB Nick Esteves
|
0-0: Ball 1-0: Swinging Strike 1-1: Swinging Strike 1-2: Foul Ball, location: 2F 1-2: Strikes out looking
|
|
Batting: LHB Tim Fuller
|
0-0: Foul Ball, location: 2F 0-1: Ball 1-1: Ball 2-1: Called Strike 2-2: Foul Ball, location: 2F 2-2: Strikes out swinging
|
| Bottom of the 4th over - 0 runs, 0 hits, 0 errors, 0 left on base; Washington 8 - Boston 2 |
| TOP OF THE 5TH |
|
Washington Nationals batting - Pitching for Boston Red Sox : RHP Graham Jackson
|
|
Batting: SHB Tze-meng Gan
|
0-0: Ball 1-0: Ball 2-0: Called Strike 2-1: Ground out 5-3 (Groundball, 56, EV 105.0 MPH)
|
|
Batting: LHB Emmanuel Gaskin
|
0-0: Called Strike 0-1: Fly out, F3 (Popup, 34, EV 61.9 MPH)
|
|
Batting: LHB Bi-jun Chien
|
0-0: Ball 1-0: Called Strike 1-1: Swinging Strike 1-2: Foul Ball, location: 2F 1-2: Ball 2-2: Strikes out swinging
|
| Top of the 5th over - 0 runs, 0 hits, 0 errors, 0 left on base; Washington 8 - Boston 2 |
| BOTTOM OF THE 5TH |
|
Boston Red Sox batting - Pitching for Washington Nationals : RHP Danny Diaz
|
|
Batting: SHB Greg Shaw
|
0-0: Called Strike 0-1: Ball 1-1: Ball 2-1: Called Strike 2-2: Ball 3-2: Strikes out looking
|
|
Batting: RHB Alois Wollf
|
0-0: Ball 1-0: Called Strike 1-1: Ball 2-1: Ball 3-1: Foul Ball, location: 2F 3-2: Base on Balls
|
|
Batting: LHB Shoichi Aso
|
0-0: Ball Alois Wollf steals 2nd base 1-0: SINGLE (Groundball, 56D, EV 110.6 MPH) Alois Wollf to third Runner from 3rd tries for Home, SAFE, throw by LF to home
|
|
Batting: LHB Kevin McCormic Jr.
|
0-0: Foul Ball, location: 2F 0-1: Ball 1-1: Ball 2-1: Fielders Choice at 2nd, 3-6 (Groundball, 34, EV 90.6 MPH)
|
|
Batting: RHB David Price Jr.
|
0-0: Foul Ball, location: 2F 0-1: SINGLE (Groundball, 6MD, EV 104.4 MPH) Kevin McCormic Jr. to second
|
|
Batting: LHB Jarrett Mordecai
|
0-0: Ball 1-0: Ball 2-0: Ball 3-0: Called Strike 3-1: Base on Balls Kevin McCormic Jr. to third David Price Jr. to second
|
|
Pitching: RHP Jon Glenn
|
|
|
Batting: LHB Zack Guillen
|
0-0: Called Strike 0-1: Fly out, F8 (Flyball, 89M, EV 70.6 MPH)
|
| Bottom of the 5th over - 1 run, 2 hits, 0 errors, 3 left on base; Washington 8 - Boston 3 |
| TOP OF THE 6TH |
|
Washington Nationals batting - Pitching for Boston Red Sox : RHP Graham Jackson
|
|
Pitching: RHP Billy Fitzgerald
|
|
|
Batting: RHB Darren McCarty Jr.
|
0-0: Called Strike 0-1: Swinging Strike 0-2: Hit by Pitch
|
|
Batting: LHB Bob Melley
|
0-0: Ball 1-0: Called Strike 1-1: Ball 2-1: Ball 3-1: Fly out, F8 (Line Drive, 8LS, EV 91.2 MPH)
|
|
Batting: SHB Mark Rennie
|
0-0: Ball 1-0: Foul Ball, location: 2F 1-1: Ball 2-1: Swinging Strike 2-2: Strikes out swinging
|
|
Batting: RHB Dave Vargas
|
0-0: Ball 1-0: Foul Ball, location: 2F 1-1: Called Strike 1-2: Strikes out swinging
|
| Top of the 6th over - 0 runs, 0 hits, 0 errors, 1 left on base; Washington 8 - Boston 3 |
| BOTTOM OF THE 6TH |
|
Boston Red Sox batting - Pitching for Washington Nationals : RHP Jon Glenn
|
|
Batting: RHB Nick Esteves
|
0-0: Called Strike 0-1: Ball 1-1: Called Strike 1-2: Ground out 6-3 (Groundball, 6, EV 88.8 MPH)
|
|
Batting: LHB Tim Fuller
|
0-0: Called Strike 0-1: Ball 1-1: Ball 2-1: Ball 3-1: Base on Balls
|
|
Batting: SHB Greg Shaw
|
0-0: Ball 1-0: Fielders Choice at 2nd, 5-4 (Groundball, 6, EV 83.8 MPH)
|
|
Batting: RHB Alois Wollf
|
0-0: Foul Ball, location: 2F 0-1: Called Strike 0-2: Ball 1-2: Ground out 4-3 (Groundball, 34, EV 105.6 MPH)
|
| Bottom of the 6th over - 0 runs, 0 hits, 0 errors, 1 left on base; Washington 8 - Boston 3 |
| TOP OF THE 7TH |
|
Washington Nationals batting - Pitching for Boston Red Sox : RHP Billy Fitzgerald
|
|
Batting: LHB Seth Cook
|
0-0: Ball 1-0: Swinging Strike 1-1: Ball 2-1: Ball 3-1: Foul Ball, location: 2F 3-2: Strikes out swinging, 2-3 out at first.
|
|
Batting: RHB John Sanders
|
0-0: Ground out 5-3 (Groundball, 56S, EV 81.2 MPH)
|
|
Batting: SHB Tze-meng Gan
|
0-0: Swinging Strike 0-1: Fly out, F7 (Line Drive, 7, EV 93.1 MPH)
|
| Top of the 7th over - 0 runs, 0 hits, 0 errors, 0 left on base; Washington 8 - Boston 3 |
| BOTTOM OF THE 7TH |
|
Boston Red Sox batting - Pitching for Washington Nationals : RHP Jon Glenn
|
|
Batting: LHB Shoichi Aso
|
0-0: Ball 1-0: Ball 2-0: Ball 3-0: Called Strike 3-1: Called Strike 3-2: Base on Balls
|
|
Batting: LHB Kevin McCormic Jr.
|
0-0: Called Strike 0-1: Swinging Strike 0-2: Fly out, F8 (Line Drive, 8LD, EV 87.5 MPH)
|
|
Batting: RHB David Price Jr.
|
0-0: Foul Ball, location: 2F 0-1: Ball 1-1: Grounds into double play, 6-4-3 (Groundball, 6, EV 111.2 MPH)
|
| Bottom of the 7th over - 0 runs, 0 hits, 0 errors, 0 left on base; Washington 8 - Boston 3 |
| TOP OF THE 8TH |
|
Washington Nationals batting - Pitching for Boston Red Sox : RHP Billy Fitzgerald
|
|
Batting: LHB Emmanuel Gaskin
|
0-0: Foul Ball, location: 2F 0-1: Swinging Strike 0-2: Ball 1-2: Foul Ball, location: 2F 1-2: Ball 2-2: SINGLE (Groundball, 56D, EV 98.8 MPH)
|
|
Pitching: LHP Adam Schneidewind
|
|
|
Batting: LHB Bi-jun Chien
|
0-0: Swinging Strike 0-1: Ball 1-1: Foul Ball, location: 2F 1-2: Strikes out swinging
|
|
Batting: RHB Darren McCarty Jr.
|
0-0: Called Strike Emmanuel Gaskin is caught stealing 2nd base 2-4 0-1: Fly out, F8 (Flyball, 8LD, EV 104.4 MPH)
|
| Top of the 8th over - 0 runs, 1 hit, 0 errors, 0 left on base; Washington 8 - Boston 3 |
| BOTTOM OF THE 8TH |
|
Boston Red Sox batting - Pitching for Washington Nationals : RHP Jon Glenn
|
|
Batting: LHB Jarrett Mordecai
|
0-0: Called Strike 0-1: Ball 1-1: Ball 2-1: Ball 3-1: Foul Ball, location: 2F 3-2: Ground out U3 (Groundball, 3S, EV 72.5 MPH)
|
|
Batting: LHB Zack Guillen
|
0-0: Ball 1-0: Ball 2-0: Called Strike 2-1: DOUBLE (Groundball, 5L, EV 105.6 MPH)
|
|
Batting: RHB Nick Esteves
|
0-0: Ball 1-0: Called Strike 1-1: 2-RUN HOME RUN (Flyball, 89XD, EV 103.8 MPH), Distance : 434 ft
|
|
Batting: LHB Tim Fuller
|
0-0: Ball 1-0: Ball 2-0: Called Strike 2-1: Swinging Strike 2-2: Foul Ball, location: 2F 2-2: Ball 3-2: Base on Balls
|
|
Pitching: RHP David Sly
|
|
|
Batting: SHB Greg Shaw
|
0-0: Ball 1-0: Swinging Strike 1-1: Ball 2-1: Called Strike 2-2: Fielders Choice at 2nd, 4-6 (Groundball, 34, EV 97.5 MPH)
|
|
Batting: RHB Alois Wollf
|
0-0: Ball 1-0: Ball 2-0: Ball 3-0: Foul Ball, location: 2F 3-1: Foul Ball, location: 2F 3-2: Foul Ball, location: 2F 3-2: Foul Ball, location: 2F 3-2: Ground out 4-3 (Groundball, 4M, EV 81.2 MPH)
|
| Bottom of the 8th over - 2 runs, 2 hits, 0 errors, 1 left on base; Washington 8 - Boston 5 |
| TOP OF THE 9TH |
|
Washington Nationals batting - Pitching for Boston Red Sox : LHP Adam Schneidewind
|
|
Batting: LHB Bob Melley
|
0-0: Ball 1-0: Called Strike 1-1: DOUBLE (Flyball, 89XD, EV 90.0 MPH)
|
|
Batting: SHB Mark Rennie
|
0-0: Ball 1-0: Called Strike 1-1: Called Strike 1-2: Strikes out swinging
|
|
Batting: RHB Dave Vargas
|
0-0: Ball 1-0: Ball 2-0: Ball 3-0: Base on Balls
|
|
Batting: LHB Seth Cook
|
0-0: Called Strike 0-1: Foul Ball, location: 2F 0-2: Ground out U3 (Groundball, 3S, EV 75.6 MPH) Bob Melley to third Dave Vargas to second
|
|
Batting: RHB John Sanders
|
0-0: 3-RUN HOME RUN (Flyball, 78XD, EV 108.8 MPH), Distance : 428 ft
|
|
Pitching: RHP Roberto Morales
|
|
|
Batting: SHB Tze-meng Gan
|
0-0: Called Strike 0-1: Ball 1-1: Foul Ball, location: 2F 1-2: Ball 2-2: Foul Ball, location: 2F 2-2: Ball 3-2: Foul Ball, location: 2F 3-2: Fly out, F9 (Flyball, 9LM, EV 110.6 MPH)
|
| Top of the 9th over - 3 runs, 2 hits, 0 errors, 0 left on base; Washington 11 - Boston 5 |
| BOTTOM OF THE 9TH |
|
Boston Red Sox batting - Pitching for Washington Nationals : RHP David Sly
|
|
Batting: LHB Shoichi Aso
|
0-0: Ball 1-0: Foul Ball, location: 2F 1-1: Ball 2-1: TRIPLE (Flyball, 8LXD, EV 106.9 MPH)
|
|
Batting: LHB Kevin McCormic Jr.
|
0-0: 2-RUN HOME RUN (Line Drive, 9LD, EV 98.8 MPH), Distance : 397 ft
|
|
Batting: RHB David Price Jr.
|
0-0: Ball 1-0: Called Strike 1-1: SINGLE (Flyball, 34D, EV 88.8 MPH)
|
|
Batting: LHB Jarrett Mordecai
|
0-0: Foul Ball, location: 2F 0-1: Ball 1-1: Swinging Strike 1-2: Strikes out looking
|
|
Batting: LHB Zack Guillen
|
0-0: Called Strike 0-1: Foul Ball, location: 2F 0-2: Ball 1-2: Ball 2-2: Ball 3-2: Foul Ball, location: 2F 3-2: Base on Balls David Price Jr. to second
|
|
Batting: RHB Nick Esteves
|
0-0: Ball 1-0: Ball 2-0: Called Strike 2-1: Ball 3-1: Foul Ball, location: 2F 3-2: Base on Balls David Price Jr. to third Zack Guillen to second
|
|
Batting: LHB Tim Fuller
|
0-0: Called Strike 0-1: Foul Ball, location: 2F 0-2: Strikes out looking
|
|
Pitching: RHP Oleg Bahanov
|
|
|
Batting: SHB Greg Shaw
|
0-0: Called Strike 0-1: Foul Ball, location: 2F 0-2: Ball 1-2: Ball 2-2: Foul Ball, location: 2F 2-2: Ball 3-2: Fly out, F9 (Flyball, 89M, EV 88.8 MPH)
|
| Bottom of the 9th over - 2 runs, 3 hits, 0 errors, 3 left on base; Washington 11 - Boston 7 |
|